 Dungeon Crawl Stone Soup version 0.18-a0-79-gb542d04 (webtiles) character file.

25 Duffy the Firebug (level 2, -1/20 HPs)
             Began as a Draconian Fire Elementalist on Nov 12, 2015.
             Killed by nerve-wracking pain
             ... invoked by Jessica
              (11 damage)
             ... on level 2 of the Dungeon.
             The game lasted 00:01:24 (904 turns).

Duffy the Firebug (Draconian Fire Elementalist)      Turns: 904, Time: 00:01:25

Health: -1/20      AC:  6    Str: 10    XL:     2   Next: 86%
Magic:  3/5        EV: 12    Int: 15    God:
Gold:   96         SH:  0    Dex: 11    Spells: 1 memorised, 4 levels left

rFire  . . .     SeeInvis .     m - +0 dagger (pain)
rCold  . . .     Clarity  .     (armour unavailable)
rNeg   . . .     SustAt   .     (no shield)
rPois  .         Gourm    .     (helmet restricted)
rElec  .         Spirit   .     (no cloak)
rCorr  .         Warding  .     i - +1 pair of gloves
rMut   .         Stasis   .     (no boots)
MR     .....                    (no amulet)
Stlth  +++.......               (no ring)
                                o - ring of stealth

@: not resistant to hostile enchantments, fairly stealthy
A: unfitting armour, cold-blooded, AC +4
a: no special abilities


You were on level 2 of the Dungeon.
You were not hungry.

You visited 1 branch of the dungeon, and saw 2 of its levels.

You collected 96 gold pieces.


Innate Abilities, Weirdness & Mutations

Your plain brown scales are hard (AC +4).
Your body does not fit into most forms of armour.
You are cold-blooded and may be slowed by cold attacks.


   Skills:
 - Level 1.7 Dodging
 - Level 1.7 Stealth
 - Level 2.0 Spellcasting
 + Level 2.9 Conjurations
 - Level 3.0 Fire Magic


You had 4 spell levels left.
You knew the following spells:

 Your Spells              Type           Power        Failure   Level  Hunger
a - Flame Tongue          Conj/Fire      ##...        10%         1    #......

Inventory:

Hand Weapons
 g - a +0 dagger
 m - a +0 dagger of pain (weapon)
Missiles
 c - a throwing net
 k - 22 stones (quivered)
Armour
 i - a +1 pair of gloves (worn)
Magical Staves
 p - an uncursed staff of poison
Jewellery
 o - a ring of stealth (left hand)
Scrolls
 d - 4 scrolls of identify
 e - 2 scrolls of enchant weapon {unknown}
 f - 3 scrolls of remove curse {unknown}
 h - a scroll of amnesia {unknown}
Potions
 j - a potion of haste
 l - a potion of might
 n - a potion of curing
Books
 a - a book of Flames
Comestibles
 b - 3 bread rations

Dungeon Overview and Level Annotations

Branches:
Dungeon (2/15)

Altars:
Yredelemnul

Annotations:
D:2 Jessica


Message History

A bat and Jessica come into view.
The bat closely misses you.
Cast which spell? (? or * to list)
Aiming: Flame Tongue
Press: ? - help, Shift-Dir - straight line, f - bat
Aim: a bat The flame tongue hits the bat.
The bat appears unharmed.
The bat hits you.
Cast which spell? (? or * to list)
Aiming: Flame Tongue
Press: ? - help, Shift-Dir - straight line, f/p - bat
Aim: a bat The flame tongue hits the bat.
You kill the bat!
You start resting.
HP restored.
Magic restored.
Cast which spell? (? or * to list)
Aiming: Flame Tongue
Press: ? - help, Shift-Dir - straight line, f - Jessica
Aim: Jessica, wearing a robe (resting)
The flame tongue hits Jessica.
Jessica is moderately wounded.
Jessica gestures at you while chanting. Pain shoots through your body!
Ouch! That really hurt!
Cast which spell? (? or * to list)
Aiming: Flame Tongue
Press: ? - help, Shift-Dir - straight line, f/p - Jessica
Aim: Jessica, wearing a robe (moderately wounded)
The flame tongue hits Jessica.
Jessica appears unharmed.
Jessica is moderately wounded.
Jessica points at you and mumbles some strange words.
Pain shoots through your body!
Ouch! That really hurt!
You die...

#. #. ##.# ### ...
..# ####
###.####.####...#
##.....##........##
##
#.......#.!........
.#
.#..@..@.#..........
.#####
....._..............
......
.#.......#........#
.####
#.......#.#.##...#
.# #.##.....##...# #
## #.####.####...# #
#.#...........#.# ##
#.#.#.##...####...
.# ##.........##
#.#.#


You could see Jessica.

Action                   || total
-------------------------++-------
Melee: Dagger            ||    83
 Cast: Flame Tongue      ||    11
  Use: Scroll            ||     3
 Stab: Sleeping          ||     2

Notes
Turn   | Place    | Note
--------------------------------------------------------------
     0 | D:1      | Duffy the Draconian Fire Elementalist began the quest for the Orb.
     0 | D:1      | Reached XP level 1. HP: 14/14 MP: 3/3
   182 | D:1      | Reached skill level 2 in Conjurations
   238 | D:1      | Reached XP level 2. HP: 20/20 MP: 0/5
   865 | D:2      | Found a basalt altar of Yredelemnul.
   875 | D:2      | Noticed Jessica
   904 | D:2      | Killed from afar by Jessica

Vault maps used:
D:1:      scummos_arrival_gate
D:2:      nemelex_deck, overflow_temple_1_default, old_standard_altar,
          uniq_jessica, uniq_sigmund

Vanquished Creatures
  A giant cockroach
  7 goblins
  A hobgoblin
  3 jackals
  6 bats
  2 giant newts
  4 kobolds
  2 rats
26 creatures vanquished.
